cohdb
Replays
Latest Replays
All Replays
Popular Replays
Top Player Replays
Match Explorer
How It Works
Community
CoH3 Stats
Reddit
Sign in to upload your games and track your stats! →
Sign in with Steam
Match 42601162
Unlisted
Match 42601162
Overview
Messages
Build Orders
End
Selects Italian Combined Arms Battlegroup
Selects Bersaglieri Squad
Bersaglieri Squad
250 Light Carrier
Bersaglieri Squad
Panzerpioneer Squad
Bersaglieri Squad
Selects Bersaglieri Bolster
Construct Light Support Kompanie
Construct Mechanized Kompanie
Selects Breda Model 30 Light Machine Guns
Support Armor Elements
Pak 38 Mechanized Group
StuG III D Assault Gun
Vehicle Survival Package
Selects Semovente da 75/18 Assault Gun
Selects Strafing Run
MG34 Team
Strafing Run
Pak 38 Mechanized Group
Combat Half-tracks
Bersaglieri Squad
Angreifen.
SgtHackermaaaann.NSG
Sarmynation
Vityaz
0
0
Comments
sign in to comment!
No comments posted yet!